[Event "40th Cappelle Open 2024"]
[Site "Cappelle-la-Grande"]
[Date "2024.03.06"]
[Round "6.2"]
[White "Lamard, Guillaume"]
[Black "Sasikiran, Krishnan"]
[Result "1-0"]
[ECO "C83"]
[WhiteElo "2483"]
[BlackElo "2578"]
[Annotator "TA"]
[PlyCount "99"]
[EventDate "2024.03.02"]
[EventType "swiss"]
[EventCountry "FRA"]
[SourceTitle "playchess.com"]
[Source "ChessBase"]
[SourceQuality "1"]
[TimeControl "40/5400+30:1800+30"]

1. e4 e5 2. Nf3 Nc6 3. Bb5 a6 4. Ba4 Nf6 5. O-O Nxe4 6. d4 b5 7. Bb3 d5 8. dxe5 Be6 9. c3 Be7 {[%emt 0:05:21] is the new trend.} 10. Bc2 Bg4 {[%emt 0:11:47] C83: Open Ruy Lopez: 9 c3 Be7.} 11. Qe1 O-O 12. Nd4 Nxe5 13. f3 c5 14. Ne2 Bh4 15. Ng3 f5 $146 ({Predecessor:} 15... Re8 16. fxe4 dxe4 17. Be3 Nd3 18. Bxd3 exd3 19. Qf2 f5 20. Nd2 Be2 21. Rfe1 g5 {½-½ Vachier Lagrave,M (2761)-Mamedyarov,S (2767) Belgrade FIDE GP 2 Pool-D 2022 (2)}) 16. fxe4 (16. fxg4 Nxg4 17. Bxe4 dxe4 $15 (17... fxe4 18. Nd2 $11)) 16... dxe4 17. Be3 c4 18. a4 Nd3 19. Bxd3 cxd3 20. Rf4 (20. Nd2 $14) 20... bxa4 {[%emt 0:02:56] [#]} (20... Qd7 $11) 21. Rxg4 (21. Rxa4 $1 $14 h5 (21... Qd7 22. Rd4) 22. Nd2) 21... fxg4 $15 22. Rxa4 Qd5 (22... Rb8 $11 23. Qc1 Bxg3 24. hxg3 Qd6) 23. Nd2 $1 $14 Rfe8 24. Qf1 Rf8 (24... Bxg3 $1 $11 25. hxg3 Rab8) 25. Qd1 $16 Bg5 {[%emt 0:00:35] [#]} 26. Bxg5 ({White should play} 26. Qe1 $1 $16) 26... Qxg5 $11 27. Rxe4 (27. Ndxe4 Qe3+ 28. Kh1 Rfe8 $15) 27... Rae8 28. Qe1 Qc5+ 29. Kh1 Qb5 30. b3 h5 31. c4 Qd7 32. Rxe8 (32. Nxh5 $2 {is the wrong capture.} Rxe4 33. Nxe4 (33. Qxe4 $2 Re8 $19) 33... d2 34. Nxd2 (34. Qxd2 $2 Rf1#) 34... Qxd2 35. Qe6+ (35. Nf6+ Rxf6 36. Qe8+ Rf8 37. h4 Rxe8 38. Kh2 Qf4+ 39. g3 Qf2+ 40. Kh1 Re1#) 35... Kh7 $19) 32... Rxe8 33. Nge4 Rf8 {[%emt 0:00:35] [#]} ({But not} 33... Qd4 $2 34. Nf6+ gxf6 35. Qxe8+ $18) (33... h4 $11) 34. g3 $1 $16 Qd4 35. Qg1 Qb2 (35... Qxg1+ $16 36. Kxg1 h4 37. gxh4 Kf7) 36. Qe3 (36. Qc5 $18 {is the precise move to win.}) 36... Qc2 (36... Qc1+ $142 37. Kg2 Rf3) 37. Kg2 $16 Kh7 $2 (37... Rf3 {is more resistant.} 38. Qg5 Qd1) 38. Qc5 $18 Kg8 39. Qxh5 Qd1 40. Qd5+ Kh8 41. Qxd3 Qe1 $2 (41... Re8 42. Nc3 Qa1) 42. c5 $18 a5 43. c6 Qc1 44. Qc4 Qe1 45. c7 Rc8 46. Qd3 Rf8 47. Qa6 Qc1 48. Qxa5 Rc8 49. Qh5+ Kg8 50. Qd5+ 1-0

[Event "40th Cappelle Open 2024"]
[Site "Cappelle-la-Grande"]
[Date "2024.03.06"]
[Round "6.3"]
[White "Velten, Paul"]
[Black "Idani, Pouya"]
[Result "1/2-1/2"]
[ECO "D37"]
[WhiteElo "2475"]
[BlackElo "2609"]
[Annotator "TA"]
[PlyCount "66"]
[EventDate "2024.03.02"]
[EventType "swiss"]
[EventCountry "FRA"]
[SourceTitle "playchess.com"]
[Source "ChessBase"]
[SourceQuality "1"]
[TimeControl "40/5400+30:1800+30"]

1. d4 Nf6 2. c4 e6 3. Nf3 a6 4. Nc3 d5 5. cxd5 exd5 6. Bg5 Be6 7. e3 Nbd7 8. Bd3 {[%emt 0:01:02] White has an edge.} c6 9. h3 Bd6 10. Bf4 Qc7 11. Bxd6 Qxd6 12. O-O O-O 13. Qc2 g6 14. Rac1 Qe7 15. Rfe1 Rfe8 16. b3 Nh5 17. Qd2 Qf6 18. Nh2 Ng7 19. Ne2 Bf5 20. Nf4 Bxd3 21. Nxd3 Nf5 22. Ng4 Qe7 23. Nde5 {[%emt 0:13:21] [#] Nxd7 would now be deadly.} Nxe5 (23... h5 $11 24. Nxd7 hxg4 25. hxg4 (25. Nb6 gxh3 26. Nxa8 hxg2 $17) 25... Qxd7 26. gxf5 Qxf5) 24. Nxe5 (24. dxe5 $14 Red8 25. Qc3) 24... Qf6 25. e4 dxe4 26. Rxe4 Re7 27. Ng4 Qd6 28. Rxe7 Nxe7 29. Re1 Nf5 30. Re4 Rd8 31. Nh6+ Nxh6 32. Qxh6 Qf8 33. Qe3 Qd6 {[%emt 0:03:07] Weighted Error Value: White=0.08 (flawless) /Black=0.08 (flawless) .  Mistake:       	White=1     	Black=1      Inaccurate:     	White=1     	Black=1      OK:         	White=11    	Black=15} 1/2-1/2

[Event "40th Cappelle Open 2024"]
[Site "Cappelle-la-Grande"]
[Date "2024.03.06"]
[Round "6.4"]
[White "Bogdanov, Egor"]
[Black "Lodici, Lorenzo"]
[Result "0-1"]
[ECO "C27"]
[WhiteElo "2409"]
[BlackElo "2558"]
[Annotator "RC"]
[PlyCount "146"]
[EventDate "2024.03.02"]
[EventType "swiss"]
[EventCountry "FRA"]
[SourceTitle "playchess.com"]
[Source "ChessBase"]
[SourceQuality "1"]
[TimeControl "40/5400+30:1800+30"]

1. e4 e5 2. Bc4 Nf6 3. d3 Bc5 4. Nc3 O-O 5. Nf3 d6 6. Bg5 h6 7. Bh4 c6 8. Qd2 b5 9. Bb3 a5 10. a4 b4 11. Ne2 Be6 12. Ng3 Nbd7 13. Nf5 Bxf5 14. exf5 e4 15. dxe4 Qe8 16. O-O Nxe4 17. Qf4 d5 18. Rfe1 Bd6 19. Qg4 Ndf6 20. Bxf6 Nxf6 21. Qh3 Qd7 22. c4 bxc3 23. bxc3 Rab8 24. Rab1 Ne4 25. Nd4 Be5 26. Bc2 Rxb1 27. Bxb1 Rb8 28. Bxe4 dxe4 29. f6 Qxh3 30. gxh3 Bxd4 31. cxd4 Rb4 32. Rxe4 gxf6 33. Rf4 Kg7 34. Rf5 Rxa4 35. Rc5 Kf8 36. Rxc6 Rxd4 37. Rxf6 Kg7 38. Ra6 a4 39. Kg2 h5 40. Kf3 f6 41. Ke3 Rb4 42. f4 Kg6 43. Ra5 h4 44. Kf3 f5 45. Ra6+ Kf7 46. Ke3 Kg7 47. Ra8 Kg6 48. Rg8+ Kf7 49. Ra8 Ke6 50. Ra5 Re4+ 51. Kf3 Rc4 52. Ke3 Rb4 53. Re5+ Kf6 54. Ra5 Kg6 55. Ra6+ Kh5 56. Rf6 Rb3+ 57. Kf2 Rxh3 58. Kg2 Rb3 59. h3 Rb5 60. Ra6 Rb4 61. Kf3 Rb3+ 62. Kg2 a3 63. Ra5 Kg6 64. Ra6+ Kf7 65. Ra5 Ke6 66. Re5+ Kf6 67. Ra5 Rb2+ 68. Kf3 Rh2 69. Ra6+ Kg7 70. Ra7+ Kg6 71. Ra6+ Kh5 72. Rf6 Rxh3+ 73. Kg2 Rg3+ 0-1

[Event "40th Cappelle Open 2024"]
[Site "Cappelle-la-Grande"]
[Date "2024.03.06"]
[Round "6.5"]
[White "Can, Emre"]
[Black "Enchev, Ivajlo"]
[Result "1-0"]
[ECO "C84"]
[WhiteElo "2551"]
[BlackElo "2425"]
[Annotator "TA"]
[PlyCount "77"]
[EventDate "2024.03.02"]
[EventType "swiss"]
[EventCountry "FRA"]
[SourceTitle "playchess.com"]
[Source "ChessBase"]
[SourceQuality "1"]
[TimeControl "40/5400+30:1800+30"]

1. e4 e5 2. Nf3 Nc6 3. Bb5 a6 4. Ba4 Nf6 5. O-O Be7 6. d3 b5 7. Bb3 d6 8. c3 O-O 9. h3 Be6 10. Bxe6 fxe6 11. Re1 {[%emt 0:00:11] Weiß steht etwas besser.} d5 12. exd5 Qxd5 13. Qb3 (13. Qe2 {vereinfacht} Rfd8 14. Nbd2 Qxd3 15. Nxe5 Qxe2 16. Rxe2 Nxe5 17. Rxe5 Kf7 18. Re1) 13... e4 (13... Rfd8 $11) 14. dxe4 $14 Nxe4 {[%emt 0:01:00] [#]} 15. Be3 (15. Nbd2 $1 $16 Nf6 16. Rxe6) 15... Rad8 16. Nbd2 (16. Qxd5 {vereinfacht} exd5 17. Nbd2 Nxd2 18. Bxd2 Rde8 19. a4) 16... Nxd2 17. Nxd2 (17. Qxd5 {vereinfacht} exd5 18. Bxd2 Rde8 19. a4) 17... Ne5 (17... Qf5 {vereinfacht} 18. a4 Rd5 19. axb5 axb5 20. Nf3 Qg6) 18. Bd4 Nd3 19. Rxe6 c5 (19... Qxb3 $14 20. Nxb3 Bd6) 20. Qxd5 Rxd5 21. Bxg7 Rxf2 22. Bh6 {[%emt 0:06:25] Pariert Rg5.} Bg5 ({Besser ist} 22... Kf7 $1 $14 23. Rxa6 Re5) 23. Ne4 $18 Kf7 24. Nxf2 ({Schwächer ist} 24. Nxg5+ Rxg5 25. Bxg5 (25. Rxa6 $2 Rfxg2+ 26. Kh1 Nf2#) 25... Kxe6 $11) (24. Bxg5 $6 Kxe6 25. Nxf2 Nxf2 $16) (24. Rd6 $18 Rxd6 25. Nxd6+ (25. Bxg5 Rd5 $16) 25... Ke6 26. Bxg5 (26. Ne4 Bxh6 27. Nxf2 Be3 $16) 26... Rxb2 27. Ne8) 24... Kxe6 $16 25. Bxg5 {[%emt 0:00:21] Droht stark Nxd3.} Nxf2 26. Kxf2 Rxg5 $18 {[%emt 0:00:03][%mdl 4096] Endspiel. KR-KR} 27. Re1+ Kf7 28. Re3 Rd5 29. Ke2 c4 30. Re4 Kf6 31. Rd4 Rxd4 (31... Re5+ $16 32. Kf2 Rf5+ 33. Ke3 Re5+ 34. Kf3 Re1 35. Rd6+ Ke5 36. Rxa6 Rf1+ 37. Ke3 Re1+ 38. Kd2 Rg1) 32. cxd4 $16 {[%emt 0:00:02] KP-KP} b4 33. g4 Kg5 34. Ke3 a5 35. a4 {[%emt 0:01:19] Weiß setzt Matt.} Kf6 36. h4 h6 37. d5 ({Falsch wäre} 37. Ke4 $2 b3 38. h5 c3 39. bxc3 b2 $19) 37... Ke5 {[%emt 0:00:24] [#]} 38. d6 $1 Kxd6 39. Ke4 $2 {[%emt 0:08:51][%mdl 32768] Gewichteter Fehlerwert: Weiß=0.17 (sehr präzise) /Schwarz=0.51.  Verlustzug:     	---       	Schwarz=2     Fehler:       	Weiß=2     	Schwarz=2     Ungenau:       	Weiß=1     	Schwarz=2     OK:         	Weiß=9     	Schwarz=7     Bester:       	Weiß=3     	Schwarz=2    . Fehler vom Sensorbrett (Ke4/e5)?} (39. Kd4 {setzt Matt} c3 40. bxc3 bxc3 41. Kxc3 Ke6 42. Kc4 Ke5 43. Kb5 Kf4 44. g5 (44. Kxa5 Kxg4 45. Kb5 Kxh4 46. a5 h5 47. a6 Kg4 48. a7 h4)) 1-0

[Event "40th Cappelle Open 2024"]
[Site "Cappelle-la-Grande"]
[Date "2024.03.06"]
[Round "6.6"]
[White "Vlachos, Anatole"]
[Black "Loiseau, Quentin"]
[Result "1/2-1/2"]
[ECO "B11"]
[WhiteElo "2479"]
[BlackElo "2412"]
[Annotator "RC"]
[PlyCount "279"]
[EventDate "2024.03.02"]
[EventType "swiss"]
[EventCountry "FRA"]
[SourceTitle "playchess.com"]
[Source "ChessBase"]
[SourceQuality "1"]
[TimeControl "40/5400+30:1800+30"]

1. e4 c6 2. Nc3 d5 3. Nf3 dxe4 4. Nxe4 Nf6 5. Qe2 Nxe4 6. Qxe4 Nd7 7. d4 Nf6 8. Qf4 Nd5 9. Qd2 Bf5 10. Bd3 Bxd3 11. Qxd3 e6 12. O-O Be7 13. Bd2 O-O 14. c4 Nf6 15. b4 c5 16. bxc5 Bxc5 17. Rab1 e5 18. Bg5 Bxd4 19. Nxd4 Qxd4 20. Qxd4 exd4 21. Rxb7 Rac8 22. Rc1 Ne4 23. Be7 Rfe8 24. Rxa7 Nc3 25. Kf1 Rxc4 26. Rd7 h6 27. a3 Rec8 28. Bb4 Na2 29. Rd8+ Rxd8 30. Rxc4 Nxb4 31. axb4 d3 32. Ke1 d2+ 33. Kd1 Rd3 34. Re4 Kf8 35. Re3 Rd4 36. Rb3 Ke7 37. Rb2 Ke6 38. b5 Rd5 39. b6 Rd8 40. h4 Rb8 41. Rb3 Kd6 42. Rg3 Rxb6 43. Rxg7 Ke7 44. Kxd2 Rb4 45. g3 Kf8 46. Rh7 Rb6 47. Rh8+ Kg7 48. Re8 Rb3 49. Re4 Ra3 50. Ke2 Rb3 51. Re3 Rb2+ 52. Kf3 Ra2 53. Re4 Rb2 54. Rf4 Ra2 55. Kg4 Rb2 56. Rf5 Kg6 57. f4 Rb3 58. Ra5 Kg7 59. Ra6 Rb4 60. Ra3 Kg6 61. Rd3 Ra4 62. h5+ Kg7 63. Rd6 Rb4 64. Kf3 Rb3+ 65. Kf2 Rb5 66. g4 Ra5 67. Kf3 Rb5 68. Ke4 Ra5 69. Rd5 Ra1 70. Kf5 Rh1 71. Rd6 Rh2 72. Ke4 Rh4 73. Kf5 Rh1 74. Rd4 Rh2 75. Ke5 Re2+ 76. Re4 Ra2 77. Rd4 Re2+ 78. Kf5 Rh2 79. Rd3 Rh1 80. Re3 Rh2 81. Ke4 Kf6 82. Kf3 Ra2 83. Rd3 Ra5 84. Rd6+ Kg7 85. Rd3 Kf6 86. Kg3 Rb5 87. Kh4 Rb4 88. Kg3 Rb5 89. Ra3 Rc5 90. Kf3 Kg7 91. Ra4 Rb5 92. Ke4 Rb1 93. Ra5 Rh1 94. Ra6 Rh4 95. Kf3 Rh1 96. f5 Rf1+ 97. Ke4 Re1+ 98. Kd5 Rd1+ 99. Kc5 Rc1+ 100. Kd5 Rd1+ 101. Ke5 Re1+ 102. Kf4 Rf1+ 103. Ke3 Re1+ 104. Kf2 Re8 105. Kf3 Rb8 106. f6+ Kg8 107. Rd6 Ra8 108. Ke4 Ra4+ 109. Rd4 Ra8 110. Rd5 Rb8 111. Ke5 Re8+ 112. Kf4 Ra8 113. Kf5 Rb8 114. Re5 Ra8 115. Rc5 Rb8 116. Ke5 Rd8 117. Rc6 Kf8 118. Rc5 Kg8 119. Ke4 Kf8 120. g5 hxg5 121. Rxg5 Rd1 122. Rd5 Re1+ 123. Kf5 Re8 124. Kg5 Ra8 125. Kh6 Kg8 126. Rg5+ Kh8 127. Rb5 Kg8 128. Rb4 Kh8 129. Rb7 Kg8 130. Re7 Rb8 131. Kg5 Rb5+ 132. Kg4 Rb8 133. Kf5 Ra8 134. Rd7 Ra5+ 135. Kg4 Ra8 136. Rd5 Kh8 137. Rg5 Ra4+ 138. Kg3 Ra3+ 139. Kh4 Rf3 140. Ra5 1/2-1/2

[Event "40th Cappelle Open 2024"]
[Site "Cappelle-la-Grande"]
[Date "2024.03.06"]
[Round "6.7"]
[White "Roshka, Yevgeniy"]
[Black "Agdelen, Huseyin Can"]
[Result "1/2-1/2"]
[ECO "E11"]
[WhiteElo "2468"]
[BlackElo "2408"]
[Annotator "TA"]
[PlyCount "131"]
[EventDate "2024.03.02"]
[EventType "swiss"]
[EventCountry "FRA"]
[SourceTitle "playchess.com"]
[Source "ChessBase"]
[SourceQuality "1"]
[TimeControl "40/5400+30:1800+30"]

1. d4 d5 2. c4 e6 3. Nf3 Nf6 4. g3 Bb4+ 5. Bd2 Be7 6. Qc2 O-O 7. Bg2 c6 8. O-O Nbd7 9. Bf4 b6 10. Rc1 Bb7 11. Nbd2 Nh5 {[%emt 0:15:10] Schwarz hat minimalen Vorteil.} 12. cxd5 Nxf4 13. gxf4 cxd5 14. Qc7 Rb8 15. e3 Nf6 16. Ne5 Qxc7 17. Rxc7 Bd6 18. Rc2 Rbc8 19. Rac1 Rxc2 20. Rxc2 Rc8 21. Rxc8+ Bxc8 22. Bf1 a6 23. Bd3 g6 24. Ndf3 Ne8 25. h4 f6 26. Ng4 Kg7 27. Ngh2 h5 28. Nf1 Kf7 29. Ng3 Ng7 30. Kf1 Bb7 31. Kg2 Ne8 32. Ne2 Bc7 33. Nd2 Nd6 34. f3 (34. Kg3 $15) 34... Nc8 (34... b5 $17) 35. Kf2 Ne7 36. e4 Bd8 37. Kg3 Bc7 38. Kf2 $1 Bd8 (38... f5 $17) 39. f5 exf5 $17 40. exf5 g5 $1 (40... Nxf5 $6 41. Bxf5 gxf5 42. Nf4 $14) (40... gxf5 41. Nf1 $11) 41. Nf1 Bc8 42. Ne3 b5 $1 43. f4 gxf4 (43... g4 $15) 44. Nxf4 $11 Bb6 45. Ne2 $1 Kg7 46. Kf3 Nc6 (46... Ba7 $11 {hält das Gleichgewicht.}) 47. Nc2 (47. Nxd5 $16 Ba7 (47... Nxd4+ 48. Ke3 $16) 48. Ke3) 47... Ne7 48. Ne3 Nc6 (48... Ba7 $11 {bleibt in der Remisbreite.}) 49. Nc2 (49. Nxd5 $16 Ba7 (49... Nxd4+ 50. Ke3 $16) 50. Ke3) 49... Ne7 50. Nf4 Nxf5 51. Bxf5 Bxf5 52. Nxd5 {[%emt 0:00:00][%mdl 4096] Endspiel. KBB-KNN} Ba7 53. Nce3 Bb1 54. Ne7 (54. Nc3 $1 $11 Bg6 55. Ne2) 54... Bxa2 $17 (54... Bxd4 55. N7f5+ Kf7 56. Nxd4 $18) 55. Nc6 Bb6 56. Ke4 (56. Nb4 $17 Be6 57. Ke4) 56... Kf7 57. Nb4 $2 (57. Ng2 $17) 57... Bb1+ $19 58. Kd5 f5 ({Weniger gut wäre} 58... a5 59. Nc6 $19) 59. Nxa6 Kf6 (59... f4 $142 60. Nd1 Bd8) 60. Nc5 Ba5 (60... f4 $17 61. Nf1 Kf5) 61. Nd7+ (61. Kd6 $15) 61... Ke7 62. Ne5 {[%emt 0:00:05] Schwarz muss nun Nc6+ beachten.} Bb6 (62... Be4+ $19 63. Kc5 Ke6) 63. Nc6+ {[%emt 0:00:43] [#]} (63. Ng6+ $1 $15 Kf6 64. Nf4) 63... Kd7 (63... Ke8 $1 $17 {Zielt auf ...Be4+ ab.} 64. Kd6 f4) 64. Ne5+ $11 Ke7 (64... Kc7 $11 65. Ng6 Kb8) 65. Nc6+ $17 {[%emt 0:00:52] [#]} Kd7 ({Besser ist} 65... Ke8 $1 $17 {Droht stark ...Be4+.} 66. Ne5 Ba2+ 67. Kd6 Bxd4 68. Nxf5 Bxb2 69. Ng7+ Kf8 70. Nxh5 b4) 66. Ne5+ {[%emt 0:00:01] Gewichteter Fehlerwert: Weiß=0.25 (präzise) /Schwarz=0.25 (präzise) .  Verlustzug:     	Weiß=1     	---        Fehler:       	Weiß=8     	Schwarz=11    Ungenau:       	Weiß=1     	---        OK:         	Weiß=17    	Schwarz=20    Bester:       	Weiß=5     	Schwarz=2     Stark:        	Weiß=2     	Schwarz=2} 1/2-1/2

[Event "40th Cappelle Open 2024"]
[Site "Cappelle-la-Grande"]
[Date "2024.03.06"]
[Round "6.8"]
[White "Degraeve, Jean-Marc"]
[Black "Zylka, Stanislaw"]
[Result "1/2-1/2"]
[ECO "C02"]
[WhiteElo "2455"]
[BlackElo "2401"]
[Annotator "RC"]
[PlyCount "156"]
[EventDate "2024.03.02"]
[EventType "swiss"]
[EventCountry "FRA"]
[SourceTitle "playchess.com"]
[Source "ChessBase"]
[SourceQuality "1"]
[TimeControl "40/5400+30:1800+30"]

1. e4 e6 2. d4 d5 3. e5 c5 4. c3 Qb6 5. Nf3 Bd7 6. a3 c4 7. g3 Nc6 8. h4 Na5 9. Nbd2 Ne7 10. Bh3 h6 11. O-O O-O-O 12. Re1 Nec6 13. Rb1 Qc7 14. Nf1 Be7 15. Be3 Kb8 16. N3h2 Ka8 17. h5 Rdg8 18. Ng4 Bd8 19. Bf4 Bg5 20. Qd2 Qd8 21. Be3 Nb3 22. Qe2 Be7 23. f4 f5 24. Nf2 g5 25. hxg6 Rxg6 26. Kh2 Qg8 27. Qf3 Qg7 28. Nd2 Nxd2 29. Bxd2 Rg8 30. Rg1 Bh4 31. Nh1 Na5 32. Be3 Be7 33. Nf2 Ba4 34. Rbc1 Be8 35. Rc2 Ba4 36. Re2 h5 37. Nh1 Qh7 38. Nf2 Nc6 39. Kg2 Bh4 40. Nh1 Bxg3 41. Kf1 Bh4 42. Rxg6 Rxg6 43. Rh2 Bd8 44. Ng3 h4 45. Nxf5 exf5 46. Bxf5 Rg1+ 47. Kxg1 Qxf5 48. Rg2 h3 49. Rg3 Qb1+ 50. Kh2 Qxb2+ 51. Kxh3 Bc2 52. f5 Qb1 53. f6 Be4 54. Qf4 a5 55. Rg1 Qd3 56. Kg4 Ka7 57. Kg5 Qxc3 58. e6 Qxa3 59. Rf1 c3 60. Kg4 c2 61. f7 Be7 62. Bc1 Qd3 63. f8=Q Qe2+ 64. Qf3 Bxf3+ 65. Qxf3 Qxe6+ 66. Qf5 Qxf5+ 67. Kxf5 Nxd4+ 68. Ke5 Ne2 69. Kxd5 Bb4 70. Kc4 Ka6 71. Kd3 Nxc1+ 72. Rxc1 Kb5 73. Kxc2 a4 74. Rg1 Bc5 75. Rg4 Ka5 76. Rg5 Kb4 77. Rg4+ Kb5 78. Rh4 b6 1/2-1/2

[Event "40th Cappelle Open 2024"]
[Site "Cappelle-la-Grande"]
[Date "2024.03.06"]
[Round "6.9"]
[White "Pacher, Milan"]
[Black "Duboue, Peio"]
[Result "1-0"]
[ECO "D28"]
[WhiteElo "2393"]
[BlackElo "2454"]
[Annotator "TA"]
[PlyCount "123"]
[EventDate "2024.03.02"]
[EventType "swiss"]
[EventCountry "FRA"]
[SourceTitle "playchess.com"]
[Source "ChessBase"]
[SourceQuality "1"]
[TimeControl "40/5400+30:1800+30"]

1. d4 d5 2. c4 dxc4 3. Nf3 Nf6 4. e3 e6 5. Bxc4 c5 6. O-O Nc6 7. Qe2 a6 8. Nc3 b5 9. Bb3 Bb7 10. Rd1 Qb6 {[%emt 0:00:04] 10...Be7 erhält neuerdings viel Aufmerksamkeit.} 11. d5 {[%emt 0:05:30] D28: Angenommenes Damengambit (Hauptvariante 7.De2 nebst Sc6).} exd5 12. Nxd5 Nxd5 13. Bxd5 Be7 14. e4 O-O 15. Be3 Nb4 16. Bxb7 Qxb7 17. a3 Nc6 18. Rd5 Rfd8 $146 ({Predecessor:} 18... c4 19. Rad1 Rad8 20. h4 Rfe8 21. h5 h6 22. Qd2 Bf8 23. Qc2 Qc7 24. g3 Na5 {0-1 Sarana,A (2685)-Iturrizaga Bonelli,E (2617) Speed Chess Q2 KO Win blitz 2023 (2.1)}) 19. Rad1 c4 20. Nd4 Nxd4 21. Bxd4 Rxd5 22. exd5 Rd8 23. Bc3 Bf8 24. Qd2 h6 25. h3 Rd7 26. Qd4 Qa8 27. Qe5 a5 28. d6 Qb8 29. Rd5 b4 30. axb4 axb4 31. Rb5 Rb7 32. Rxb7 Qxb7 33. Bd4 Qc6 34. Bc5 c3 $1 35. bxc3 b3 36. d7 $1 (36. Ba3 $2 Bxd6 37. Qxd6 Qxd6 38. Bxd6 b2 $19) 36... Qxd7 $1 (36... Bxc5 $2 37. d8=Q+ (37. d8=B $2 Bd6 $19) 37... Kh7 38. Qf5+ Qg6 39. Qxg6+ (39. Qxc5 b2 $18) 39... fxg6 40. Qb8 $18) 37. Qb8 Qd1+ $1 38. Kh2 b2 $1 39. Qxf8+ Kh7 40. Bd4 $1 (40. Qxf7 $2 b1=Q (40... b1=B 41. Bf8) 41. Bd4 Qh1+ (41... Qg1+ $2 42. Kg3 $19) 42. Kg3 Qd3+ 43. f3 Qg6+ 44. Qxg6+ Kxg6 $19) 40... f6 41. Bxf6 $1 gxf6 42. Qf7+ Kh8 43. Qxf6+ Kg8 44. Qe6+ (44. Qxh6 b1=Q (44... b1=B 45. Qg5+ Kf7 46. Qf4+ Kg8 47. Qc4+ Kh7 48. Qc7+ Kg8 49. c4 $14) 45. Qe6+ Kf8 46. Qh6+ Kf7 47. Qf4+ Kg6 48. Qg3+ Kf5 49. Qg8 Qg1+ 50. Kg3 Qd3+ 51. Kh4 Qxf2+ (51... Qxc3 $2 52. Qg4+ Kf6 53. Qf4+ Ke7 54. Qe4+ Kd6 55. Qg6+ Kc5 56. Qf5+ Kb4 57. Qf4+ Ka3 58. Qg3 $19) 52. Kh5 Qfe2+ (52... Qxc3 53. g3 Qff3+ 54. g4+ Kf4 55. Qf7+ Kg3 56. Qxf3+ Qxf3 57. Kg6 Kxh3 58. Kg7 Kxg4 59. Kg6 Qf4 60. Kg7 Kg5 61. Kh7 Kf6 62. Kg8 Qg4+ 63. Kh8 Qg7#) 53. Kh4 Qe7+ (53... Qxc3 54. g4+ Ke4 55. Qa8+ Ke3 56. Qe8+ Kf3 57. Qxe2+ Kxe2 58. Kg5 Qe5+ 59. Kh6 Kf3 60. Kg6 Kf4 61. Kf7 Kg5 62. h4+ Kxg4 63. Kg6 Kxh4 64. Kh6 Qg5+ 65. Kh7 Kh5 66. Kh8 Kg6 67. Kg8 Qd8#) 54. Kh5 Qb5 (54... Qxc3 55. Qg4+ Ke5 56. Qe2+ Kf6 57. Qxe7+ Kxe7 58. Kg5 Qf6+ 59. Kg4 Qf2 60. h4 Kf6 61. h5 Ke5 62. g3 Qf5+ 63. Kh4 Ke4 64. g4 Qf4 65. Kh3 Kf3 66. Kh4 Qxg4#) (54... Qde2+ 55. g4+ Kf4 56. Qb8+ Kf3 57. Qa8+ Kg3 58. Qg8 Qh4+ 59. Kg6 Qe4+ 60. Kg7 Qe5+ 61. Kg6 Qef6#) 55. Qg4+ Kf6+ 56. Kh4 Qbe5) 44... Kg7 45. Qe5+ Kf7 46. Qf4+ Ke6 $2 (46... Ke7 $11 47. Qe3+ (47. Qxh6 $2 Qd6+ 48. Qxd6+ Kxd6 $19) 47... Kd7 48. Qa7+ Kc6 49. Qa8+ Kc7 50. Qa7+ Kc6 51. Qa6+ Kc7 52. Qc4+ Kd8 53. Qg8+ Ke7 54. Qg7+ Ke6 55. Qg6+ (55. Qxh6+ $2 Kd5 $19) 55... Kd7 56. Qf5+ (56. Qxh6 $2 b1=Q $19) 56... Kd6 57. Qf4+ Kd7 58. Qf5+ Kd6 59. Qf8+ Kd7 60. Qf5+) 47. Qe4+ $18 (47. Qxh6+ $2 {ist das falsche Schlagen.} Kd5 48. f3 b1=Q $19 (48... b1=B 49. Qf8 $16)) 47... Kf6 48. Qc6+ Kf5 49. Qb5+ (49. Qxh6 b1=Q (49... b1=B $2 {geht unter.} 50. h4 $18) 50. Qh7+ Kf6 51. Qh6+ Qg6 52. Qf8+ Qf7 (52... Ke6 $2 53. h4 $19) 53. Qh8+ Kg6 $19) 49... Ke4 50. f3+ Ke3 51. Qb6+ Ke2 52. Qxb2+ Kf1 53. f4 h5 54. Qb5+ Ke1 55. Qe5+ Kf1 56. Qe3 Qd6 57. Qg1+ Ke2 58. Qd4 Qg6 59. Qd5 h4 60. Qf3+ Ke1 61. f5 Qf6 62. Qe4+ 1-0

[Event "40th Cappelle Open 2024"]
[Site "Cappelle-la-Grande"]
[Date "2024.03.06"]
[Round "6.10"]
[White "Nikolov, Momchil"]
[Black "Nanjo, Ryosuke"]
[Result "1/2-1/2"]
[ECO "E54"]
[WhiteElo "2453"]
[BlackElo "2346"]
[Annotator "TA"]
[PlyCount "71"]
[EventDate "2024.03.02"]
[EventType "swiss"]
[EventCountry "FRA"]
[SourceTitle "playchess.com"]
[Source "ChessBase"]
[SourceQuality "1"]
[TimeControl "40/5400+30:1800+30"]

1. d4 Nf6 2. c4 e6 3. Nc3 Bb4 4. e3 O-O 5. Bd3 d5 6. Nf3 dxc4 7. Bxc4 c5 8. O-O cxd4 9. exd4 b6 10. Qe2 Bb7 11. Rd1 h6 {[%emt 0:00:25] Wards off Bg5} 12. Bf4 Nc6 13. d5 exd5 14. Nxd5 Nxd5 15. Bxd5 Qf6 16. Be3 Rac8 17. a3 Bd6 18. Rd2 Bf4 19. Bxf4 Qxf4 20. Rad1 Rfe8 21. Qb5 Na5 22. Rd4 Qf6 23. Bxb7 Nxb7 24. Qa6 {[%emt 0:09:23] The position is equal.} Nc5 25. Qb5 (25. Qxa7 $2 {perishes.} Ra8 26. Qc7 Ne6 27. Qxb6 Nxd4 28. Qxf6 Ne2+ (28... gxf6 29. Rxd4 Reb8 30. g3 $19) 29. Kf1 gxf6 $19) 25... a6 26. Qb4 Re2 {[%emt 0:01:23] Threatening ...Ne6.} (26... a5 $5 27. Qb5 $8 Re6 $11) 27. h3 Ne6 28. R4d2 Rxd2 29. Rxd2 b5 30. Qe4 Ng5 31. Nxg5 Qxg5 32. Re2 Qf6 33. g3 g6 34. Kg2 Kg7 35. Rd2 h5 36. h4 {[%emt 0:00:32] An even fight not without its subleties.   Weighted Error Value: White=0.02 (flawless) /Black=0.02 (flawless) .  OK:         	White=15    	Black=11} 1/2-1/2

[Event "40th Cappelle Open 2024"]
[Site "Cappelle-la-Grande"]
[Date "2024.03.06"]
[Round "6.11"]
[White "Molenda, Marcin"]
[Black "Firat, Burak"]
[Result "1/2-1/2"]
[ECO "B11"]
[WhiteElo "2377"]
[BlackElo "2439"]
[Annotator "TA"]
[PlyCount "42"]
[EventDate "2024.03.02"]
[EventType "swiss"]
[EventCountry "FRA"]
[SourceTitle "playchess.com"]
[Source "ChessBase"]
[SourceQuality "1"]
[TimeControl "40/5400+30:1800+30"]

1. e4 c6 2. Nf3 d5 3. Nc3 dxe4 4. Nxe4 Nf6 5. Qe2 Nxe4 6. Qxe4 Nd7 7. Bc4 {[%emt 0:01:03] Black must now prevent Ng5.} Nf6 8. Qe2 Bf5 9. Ne5 {[%emt 0:03:46][%csl Ge5][%cal Rc4f7] [#]} e6 10. O-O Qd4 11. c3 Qe4 12. d4 Qxe2 13. Bxe2 Be7 14. Bf4 O-O 15. g4 Be4 16. f3 Bg6 17. Bg3 c5 18. Nxg6 (18. dxc5 $14 Bxc5+ 19. Bf2 Bxf2+ 20. Kxf2 (20. Rxf2 Rad8 $11)) 18... hxg6 $11 {[%emt 0:00:06] The position is equal.} 19. Bf2 Rac8 20. Rfd1 cxd4 21. Rxd4 Bc5 {[%emt 0:01:21] Weighted Error Value: White=0.10 (very precise) /Black=0.06 (flawless) .  Mistake:       	White=1     	---        Inaccurate:     	---       	Black=1      OK:         	White=2     	Black=6      Best:        	---       	Black=2} 1/2-1/2